 Dungeon Crawl Stone Soup version 0.25-a0-663-gace7076f2c (webtiles) character file.

Game seed: 12602352875276656241, levelgen mode: deterministic

350 Esekla the Stinger (level 6, -3/38 HPs)
             Began as an Octopode Venom Mage on Mar 25, 2020.
             Slain by an ogre
             ... wielding a +0 giant club
              (18 damage)
             ... on level 4 of the Dungeon.
             The game lasted 00:21:22 (3884 turns).

Esekla the Stinger (Octopode Venom Mage)            Turns: 3884, Time: 00:21:23

Health: -3/38      AC:  1    Str:  8    XL:     6   Next: 60%
Magic:  6/11       EV: 14    Int: 18    God:
Gold:   206        SH:  0    Dex: 13    Spells: 6/12 levels left

rFire    . . .     SeeInvis .   c - +0 short sword
rCold    . . .     Gourm    .   (no shield)
rNeg     . . .     Faith    .   (helmet restricted)
rPois    .         Spirit   .   (no amulet)
rElec    .         Reflect  .   g - ring of flight
rCorr    .         Harm     .   (no ring)
MR       .....                  (no ring)
Stlth    +++.......             (no ring)
HPRegen  0.12/turn              (no ring)
MPRegen  0.12/turn              (no ring)
                                (no ring)
                                (no ring)

@: no status effects
A: almost no armour, stealthy swim, amphibious, 8 rings, constrict 8, camouflage
1, gelatinous body 1
a: Evoke Flight


You were on level 4 of the Dungeon.
You were not hungry.

You visited 1 branch of the dungeon, and saw 4 of its levels.

You collected 206 gold pieces.

Inventory:

Hand Weapons
 c - a +0 short sword (weapon)
 h - a +0 spear
Missiles
 e - 6 javelins
 j - 14 poisoned darts (quivered)
Jewellery
 g - a ring of flight (left tentacle)
Scrolls
 a - a scroll of fear {unknown}
 d - a scroll of enchant weapon {unknown}
 i - a scroll of remove curse {unknown}
 k - a scroll of noise {unknown}
 l - a scroll of enchant armour {unknown}
 m - 2 scrolls of identify {unknown}
 o - a scroll of fog {unknown}
Potions
 f - 2 potions of heal wounds
 n - a potion of magic {unknown}
 p - a potion of degeneration {unknown}
Comestibles
 b - 7 rations


   Skills:
 * Level 1.5 Fighting
 + Level 0.8 Short Blades
 * Level 3.0 Dodging
 + Level 3.5 Stealth
 * Level 3.6 Spellcasting
 * Level 1.7 Conjurations
 - Level 1.0 Transmutations
 * Level 2.2 Air Magic
 + Level 4.6 Poison Magic


You had 6 spell levels left.
You knew the following spells:

 Your Spells              Type           Power        Failure   Level  Hunger
a - Sting                 Tmut/Pois      ##..         4%          1    None
c - Mephitic Cloud        Conj/Pois/Air  ##......     14%         3    ###....
v - Poisonous Vapours     Pois/Air       ###...       5%          2    ##.....

Your spell library contained the following spells:

 Spells                   Type           Power        Failure   Level  Hunger
 Ignite Poison            Fire/Tmut/Pois ##......     22%         3    ###....
 Olgreb's Toxic Radiance  Pois           ###.....     22%         4    ####...


Dungeon Overview and Level Annotations

Branches:
Dungeon (4/15)
 Temple: D:4-7

Altars:
Hepliaklqana


Innate Abilities, Weirdness & Mutations

You cannot wear most types of armour.
You are very stealthy in the water. (Stealth+)
You are amphibious.
You can wear up to eight rings at the same time.
You can use your tentacles to constrict eight enemies at once.
Your skin changes colour to match your surroundings (Stealth+).
Your rubbery body absorbs attacks. (AC +1, EV +1)


Message History

The ogre hits you with a +0 giant club!
You hit the bullfrog skeleton but do no damage.
The bullfrog skeleton is almost destroyed.
You constrict the bullfrog skeleton.
The bullfrog skeleton barely misses you.
The bullfrog skeleton hits you. The ogre barely misses you.
You completely miss the bullfrog skeleton.
The bullfrog skeleton is almost destroyed.
You constrict the bullfrog skeleton. The bullfrog skeleton hits you.
You barely miss the bullfrog skeleton.
The bullfrog skeleton is almost destroyed.
You constrict the bullfrog skeleton.
You destroy the bullfrog skeleton!
Your Dodging skill increases to level 3!
The ogre closely misses you. The hound barely misses you.
You hit the ogre.
The ogre is severely wounded.
The hound completely misses you.
The ogre hits you with a +0 giant club!!
You die...

.#.# ###...#
......#
#....<#
##...#.## ###
.......#
#.####...#..#.
#.O...<.......
#@#########.#)
#h#.....a.
#....#
#......#
#.#....#
#......#
.......#
#.......#
#.......#


You could see an ogre and a hound.

Vanquished Creatures
  A bullfrog (D:3)
  A bullfrog skeleton (D:4)
  7 gnolls
  6 adders
  4 oozes
  6 worms
  A dart slug (D:3)
  5 leopard geckos
  An orc (D:3)
  12 bats
  5 giant cockroaches
  15 goblins
  10 hobgoblins
  3 jackals (D:3)
  8 kobolds
  2 frilled lizards (D:1)
  14 rats
  A plant (D:1)
102 creatures vanquished.

Notes
Turn   | Place    | Note
-------+----------+-------------------------------------------
     0 | D:1      | Esekla the Octopode Venom Mage began the quest for the Orb.
     0 | D:1      | Reached XP level 1. HP: 11/11 MP: 3/3
   108 | D:1      | Reached skill level 4 in Poison Magic
   108 | D:1      | Reached XP level 2. HP: 6/17 MP: 0/5
   112 | D:1      | Learned a level 2 spell: Poisonous Vapours
   489 | D:1      | Reached XP level 3. HP: 10/22 MP: 3/6
   494 | D:1      | Learned a level 3 spell: Mephitic Cloud
   976 | D:2      | Reached skill level 1 in Fighting
   999 | D:2      | Reached XP level 4. HP: 26/28 MP: 7/7
  1293 | D:2      | Reached skill level 1 in Air Magic
  1653 | D:2      | Reached XP level 5. HP: 15/33 MP: 3/9
  2465 | D:2      | Reached skill level 1 in Conjurations
  2995 | D:3      | Reached XP level 6. HP: 17/38 MP: 1/10
  3783 | D:3      | Found a hazy altar of Hepliaklqana.
  3884 | D:4      | Slain by an ogre

Levels and vault maps discovered:
D:1:      elethiomel_arrival_infinity_welcomes_careful_drivers,
          layout_loops_cross, serial_forest, infiniplex_forest_straight_2,
          infiniplex_forest_straight_2, infiniplex_forest_lined_room_2,
          infiniplex_forest_end_2, infiniplex_forest_lined_2
D:2:      layout_loops_corners
D:3:      layout_loops_cross, nicolae_overflow_hidden_temple
D:4:      layout_basic, minmay_temple_entry_enclosed_plants,
          gammafunk_ghost_stat_death, first_ration, led_sif_book

Skill      XL: |  1  2  3  4  5  6 |
---------------+-------------------+-----
Poison Magic   | 4 |  4.6
Fighting       | 1 |  1.5
Air Magic      | 1 2 |  2.2
Stealth        | 3 |  3.5
Spellcasting   | 3 |  3.6
Conjurations   | 1 |  1.7
Dodging        | 3 |  3.0
Short Blades   | |  0.8
Transmutations | |  1.0

Action                   |  1- 3 |  4- 6 || total
-------------------------+-------+-------++-------
Melee: Dagger            |    36 |       ||    36
       Constrict         |    16 |    33 ||    49
       Tentacles         |     4 |    23 ||    27
       Unarmed           |     2 |       ||     2
       Short sword       |    23 |   144 ||   167
Throw: Dart              |       |     2 ||     2
 Cast: Sting             |     6 |       ||     6
       Poisonous Vapours |    17 |    43 ||    60
       Mephitic Cloud    |       |     1 ||     1
 Stab: Sleeping          |     7 |    20 ||    27
  Eat: Chunk             |     1 |     8 ||     9
       Ration            |       |     1 ||     1
Armor: Skin              |     4 |     5 ||     9
Dodge: Dodged            |    45 |    87 ||   132

Table legend:
 A = Non-vault XP
 B = Vault XP
 C = Vault XP percentage of total XP
 D = Non-vault monster count
 E = Vault monster count
 F = Vault count percentage of total count
                 A         B        C        D         E       F
            +---------+---------+-------+---------+---------+-------
      Total |     500 |       0 |   0.0 |     101 |       0 |   0.0
            +---------+---------+-------+---------+---------+-------
        D:1 |      53 |       0 |   0.0 |      28 |       0 |   0.0
        D:2 |     146 |       0 |   0.0 |      36 |       0 |   0.0
        D:3 |     262 |       0 |   0.0 |      36 |       0 |   0.0
        D:4 |      39 |       0 |   0.0 |       1 |       0 |   0.0
            +---------+---------+-------+---------+---------+-------
